 Dungeon Sprint DCSS version 0.21-a0-85-ga0cb861 (webtiles) character file.

12883 minicreteconcrete the Stormcaller (level 11, -1/61 HPs)
             Began as a Deep Elf Air Elementalist on June 25, 2017.
             Was the Champion of Vehumet.
             Slain by an orc knight
             ... wielding a +0 long sword
              (30 damage)
             ... in the Dungeon (Sprint IX: "|||||||||||||||||||||||||||||").
             The game lasted 00:08:28 (1341 turns).

minicreteconcrete the Stormcaller (DEAE)            Turns: 1341, Time: 00:08:28

Health: -1/61      AC:  8    Str:  5    XL:     11   Next: 68%
Magic:  12/33      EV: 21    Int: 24    God:    Vehumet [******]
Gold:   1257       SH:  0    Dex: 18    Spells: 22/42 levels left

rFire    . . .     SeeInvis .   a - +2 rapier (elec)
rCold    . . .     Gourm    .   (no shield)
rNeg     . . .     Faith    .   p - +0 robe
rPois    .         Spirit   .   D - +0 helmet
rElec    .         Reflect  .   q - +0 cloak
rCorr    .         Harm     .   C - +0 pair of gloves
MR       +....     NoTele   +   E - +0 pair of boots
Stlth    +++++.....             (no amulet)
HPRegen  0.20/turn              r - +2 ring of protection
MPRegen  0.23/turn              s - +3 ring of dexterity

@: no status effects
A: no striking features
a: Renounce Religion


You were in the Dungeon.
You worshipped Vehumet.
Vehumet was exalted by your worship.
You were not hungry.

You visited 1 branch You collected 1257 gold pieces.

Inventory:

Hand Weapons
 a - a +2 rapier of electrocution (weapon)
Armour
 p - a +0 robe (worn)
 q - a +0 cloak (worn)
 u - a +0 hat
 C - a +0 pair of gloves (worn)
 D - a +0 helmet (worn)
 E - a +0 pair of boots (worn)
Magical Staves
 b - an uncursed staff of energy
Jewellery
 r - a +2 ring of protection (left hand)
 s - a +3 ring of dexterity (right hand)
Wands
 n - a wand of lightning (6/15)
Scrolls
 i - 2 scrolls of blinking
 l - 4 scrolls of remove curse
 m - 3 scrolls of amnesia
 v - a scroll of identify
 w - a scroll of fog
 x - a scroll of fear
 y - 2 scrolls of recharging
Potions
 d - 5 potions of curing
 e - 5 potions of heal wounds
 f - a potion of haste
 g - 4 potions of magic
 h - 3 potions of berserk rage
 j - a potion of resistance
 k - a potion of invisibility
 t - 2 potions of agility
Books
 o - a book of Air

   Spells                             Type                      Level
   a - Shock                          Conjuration/Air              1
   b - Swiftness                      Charms/Air                   2
   c - Static Discharge               Conjuration/Air              3
   d - Airstrike                      Air                          4
   e - Lightning Bolt                 Conjuration/Air              5
Comestibles
 c - 13 bread rations
 A - 40 fruits
 B - 12 meat rations


   Skills:
 + Level 4.0 Fighting
 + Level 9.4 Short Blades
 + Level 11.1 Dodging
 + Level 10.7 Stealth
 + Level 16.2 Spellcasting
 + Level 10.6 Conjurations
 + Level 16.7 Air Magic
 + Level 9.8 Evocations


You had 22 spell levels left.
You knew the following spells:

 Your Spells              Type           Power        Failure   Level  Hunger
a - Shock                 Conj/Air       ####         0%          1    None
b - Lightning Bolt        Conj/Air       ######....   1%          5    #......
c - Airstrike             Air            #######...   1%          4    None
d - Fireball              Conj/Fire      #####.....   2%          5    #......
e - Bolt of Magma         Conj/Fire/Erth #####.....   5%          5    #......


Dungeon Overview and Level Annotations

Branches:
Dungeon (1/1)

Altars:
Cheibriados
Dithmenos
Elyvilon
Fedhas
Gozag
Hepliaklqana
Kikubaaqudgha
Makhleb
Nemelex Xobeh
Okawaru
Qazlal
Ru
Sif Muna
Trog
Uskayaw
Vehumet
Wu Jian
Xom
Yredelemnul
Zin
The Shining One
Beogh
Jiyva
Lugonu

Shops:
D =


Message History

The bolt of lightning hits the orc high priest.
The orc high priest is moderately wounded.
The orc knight roars a battlecry!
The orc high priest utters an invocation to Beogh.
Unknown command.
Casting: Lightning Bolt
Confirm with . or Enter, or press ? or * to list all spells.
Aiming: Lightning Bolt
Press: ? - help, Shift-Dir - straight line, f/p - orc knight
Aim: an orc knight, wielding a long sword and wearing a chain mail (lightly wounded, unusually strong)
You hear a mighty clap of thunder!
The bolt of lightning misses the orc knight.
The bolt of lightning hits the chaos spawn.
The chaos spawn is severely wounded.
The bolt of lightning hits the orc knight.
The orc knight is almost dead.
The bolt of lightning hits the orc high priest.
The orc high priest is almost dead.
The orc knight hits you with a long sword!!
You die...

▓_▓.▓†▓.▓)▓
▓_▓.▓†▓.▓)▓
▓_▓.▓†▓.▓)▓
▓_▓.▓†▓.▓.▓
▓_▓.▓.▓.▓.▓
▓_▓.▓†▓.▓.▓
▓_▓.▓.▓.▓.▓
▓_▓.▓.▓.▓.▓
▓_▓.▓.▓.▓@▓
▓_▓.▓†▓.▓o▓
▓'▓.▓'▓.▓)▓
▓.▓.▓.▓.▓.▓
▓.▓.▓.▓.▓)▓
▓.▓.▓.▓.▓4▓
▓)▓.▓†▓.▓o▓
▓.▓.▓†▓.▓o▓
▓[▓.▓.▓.▓


You could see 2 orc knights, an orc high priest and a chaos spawn.

Vanquished Creatures
  A dire elephant (D)
  Josephine (D)
  A catoblepas (D)
  5 orc knights (D)
  2 cyclopes (D)
  7 elephants (D)
  A black mamba (D)
  3 spiny frogs (D)
  A blink frog (D)
  4 hippogriffs (D)
  5 wraiths (D)
  A basilisk (D)
  4 water moccasins (D)
  A porcupine (D)
  14 orc warriors (D)
  A necrophage (D)
  A crocodile (D)
  3 bullfrogs (D)
  A killer bee (D)
  A howler monkey (D)
  2 orc priests (D)
  2 orc wizards (D)
  A worker ant (D)
  An adder (D)
  2 adder skeletons (D)
  An adder zombie (D)
  A leopard gecko (D)
  5 orcs (D)
  2 bat skeletons (D)
  2 giant cockroaches (D)
  A hobgoblin (D)
  A bat (D)
  A quokka zombie (D)
  2 rats (D)
82 creatures vanquished.

Notes
Turn   | Place    | Note
-------+----------+-------------------------------------------
     0 | D        | minicreteconcrete the Deep Elf Air Elementalist began the quest for the Orb.
     0 | D        | Reached XP level 1. HP: 10/10 MP: 6/6
    48 | D        | Reached XP level 2. HP: 11/15 MP: 3/8
    58 | D        | Found a roughly hewn altar of Beogh.
    58 | D        | Found a snail-covered altar of Cheibriados.
    58 | D        | Found a shadowy altar of Dithmenos.
    58 | D        | Found a white marble altar of Elyvilon.
    58 | D        | Found a blossoming altar of Fedhas.
    58 | D        | Found an opulent altar of Gozag.
    59 | D        | Found a hazy altar of Hepliaklqana.
    60 | D        | Found a viscous altar of Jiyva.
    61 | D        | Found an ancient bone altar of Kikubaaqudgha.
    62 | D        | Found a corrupted altar of Lugonu.
    63 | D        | Found a burning altar of Makhleb.
    64 | D        | Found a sparkling altar of Nemelex Xobeh.
    65 | D        | Found an iron altar of Okawaru.
    66 | D        | Found a stormy altar of Qazlal.
    67 | D        | Found a sacrificial altar of Ru.
    68 | D        | Found a deep blue altar of Sif Muna.
    69 | D        | Found a bloodstained altar of Trog.
    70 | D        | Found a hide-covered altar of Uskayaw.
    71 | D        | Found a radiant altar of Vehumet.
    72 | D        | Found an ornate altar of the Wu Jian Council.
    73 | D        | Found a shimmering altar of Xom.
    74 | D        | Found a basalt altar of Yredelemnul.
    75 | D        | Found a glowing silver altar of Zin.
    76 | D        | Found a glowing golden altar of the Shining One.
    79 | D        | Became a worshipper of Vehumet
   107 | D        | Noticed a bullfrog
   107 | D        | Noticed a necrophage
   107 | D        | Noticed a killer bee
   107 | D        | Noticed a howler monkey
   109 | D        | Killed a bullfrog
   109 | D        | Reached skill level 5 in Spellcasting
   109 | D        | Reached XP level 3. HP: 17/19 MP: 8/11
   109 | D        | Reached XP level 4. HP: 22/24 MP: 9/13
   113 | D        | Killed a necrophage
   113 | D        | Reached skill level 5 in Dodging
   113 | D        | Reached skill level 5 in Stealth
   113 | D        | Reached XP level 5. HP: 22/28 MP: 10/15
   117 | D        | Reached * piety under Vehumet
   117 | D        | Offered knowledge of Freeze by Vehumet.
   117 | D        | Reached skill level 1 in Short Blades
   119 | D        | Reached ** piety under Vehumet
   131 | D        | Learned a level 5 spell: Lightning Bolt
   136 | D        | Learned a level 4 spell: Airstrike
   152 | D        | Noticed a catoblepas
   152 | D        | Noticed a cyclops
   152 | D        | Noticed a cyclops
   325 | D        | Killed a cyclops
   325 | D        | Offered knowledge of Sting by Vehumet.
   325 | D        | Reached skill level 1 in Evocations
   325 | D        | Reached XP level 6. HP: 33/33 MP: 11/20
   325 | D        | Reached XP level 7. HP: 37/37 MP: 11/21
   327 | D        | Killed a catoblepas
   327 | D        | Reached skill level 1 in Fighting
   327 | D        | Reached skill level 10 in Spellcasting
   327 | D        | Reached XP level 8. HP: 43/43 MP: 1/24
   633 | D        | Offered knowledge of Throw Flame by Vehumet.
   633 | D        | Reached *** piety under Vehumet
   655 | D        | Killed a cyclops
   781 | D        | Noticed a hippogriff
   781 | D        | Noticed a black mamba
   781 | D        | Noticed a spiny frog
   781 | D        | Noticed a hippogriff
   784 | D        | Killed a black mamba
   784 | D        | Offered knowledge of Sticky Flame by Vehumet.
   785 | D        | Reached **** piety under Vehumet
   785 | D        | Reached XP level 9. HP: 48/48 MP: 15/26
   785 | D        | Killed a spiny frog
   787 | D        | Reached skill level 5 in Conjurations
   788 | D        | Reached skill level 5 in Short Blades
   792 | D        | Reached ***** piety under Vehumet
   792 | D        | Reached skill level 10 in Stealth
   835 | D        | Noticed a spiny frog
   839 | D        | Noticed a spiny frog
   842 | D        | Killed a spiny frog
   842 | D        | Reached ****** piety under Vehumet
   842 | D        | Reached skill level 10 in Dodging
   842 | D        | Reached XP level 10. HP: 36/54 MP: 9/28
   842 | D        | Killed a spiny frog
   877 | D        | Noticed an elephant
   877 | D        | Noticed an elephant
   877 | D        | Noticed an elephant
   877 | D        | Noticed a dire elephant
   877 | D        | Noticed an elephant
   877 | D        | Noticed an elephant
   878 | D        | Noticed an elephant
   882 | D        | Killed an elephant
   882 | D        | Reached skill level 5 in Evocations
   882 | D        | Killed an elephant
   882 | D        | Reached skill level 15 in Air Magic
   882 | D        | Killed an elephant
   883 | D        | Killed an elephant
   883 | D        | Killed an elephant
   885 | D        | Killed an elephant
   886 | D        | Noticed an elephant
   886 | D        | Killed a dire elephant
   911 | D        | Killed an elephant
   911 | D        | Reached XP level 11. HP: 31/60 MP: 7/31
  1019 | D        | Noticed Josephine
  1020 | D        | Offered knowledge of Fireball by Vehumet.
  1022 | D        | Killed Josephine
  1027 | D        | Reached skill level 15 in Spellcasting
  1067 | D        | Learned a level 5 spell: Fireball
  1076 | D        | Noticed an orc knight
  1077 | D        | Offered knowledge of Venom Bolt by Vehumet.
  1083 | D        | Killed an orc knight
  1167 | D        | Noticed an orc knight
  1169 | D        | Killed an orc knight
  1169 | D        | Reached skill level 10 in Conjurations
  1289 | D        | Offered knowledge of Bolt of Magma by Vehumet.
  1317 | D        | Learned a level 5 spell: Bolt of Magma
  1336 | D        | Found Pomihis's Jewellery Emporium.
  1336 | D        | Noticed an orc knight
  1336 | D        | Noticed an orc knight
  1336 | D        | Noticed an orc knight
  1336 | D        | Noticed an orc knight
  1336 | D        | Noticed an orc knight
  1339 | D        | Killed an orc knight
  1339 | D        | Killed an orc knight
  1340 | D        | Noticed an orc high priest
  1340 | D        | Killed an orc knight
  1341 | D        | Slain by an orc knight

Vault maps used:
D:        linesprint

Skill      XL: |  1  2  3  4  5  6  7  8  9 10 11 |
---------------+----------------------------------+-----
Air Magic      | 4 6 8 11 12 13 14 15 16 | 16.7
Dodging        | 4 5 7 8 9 10 11 | 11.1
Spellcasting   | 5 6 9 10 11 12 14 16 | 16.2
Stealth        | 4 5 7 8 9 10 | 10.7
Short Blades   | 1 2 4 6 9 |  9.4
Conjurations   | 3 4 6 8 10 | 10.6
Evocations     | 1 2 4 7 9 |  9.8
Fighting       | 1 2 3 4 |  4.0

Action                   |  1- 3 |  4- 6 |  7- 9 | 10-12 || total
-------------------------+-------+-------+-------+-------++-------
Melee: Rapier            |     1 |     6 |    18 |    11 ||    36
 Cast: Shock             |     8 |     4 |     1 |     3 ||    16
       Lightning Bolt    |       |     1 |    16 |    51 ||    68
Evoke: Staff of energy   |       |     3 |     9 |    44 ||    56
       Wand              |       |       |       |     1 ||     1
  Use: Scroll            |       |     1 |       |       ||     1
 Stab: Sleeping          |     1 |       |     1 |       ||     2
  Eat: Chunk             |       |       |     2 |     6 ||     8
Armor: Robe              |       |     1 |     8 |     2 ||    11
Dodge: Dodged            |     4 |     7 |    34 |    18 ||    63
